 Dungeon Crawl Stone Soup version 0.19.0-11-g3fc08b3 (webtiles) character file.

349 Ladykiller69 the Shield-Bearer (level 6, 0/49 HPs)
             Began as a Formicid Fighter on Nov 9, 2016.
             Was an Initiate of Cheibriados.
             Succumbed to a killer bee's poison
             ... on level 7 of the Dungeon.
             The game lasted 00:09:40 (3673 turns).

Ladykiller69 the Shield-Bearer (Formicid Fighter)   Turns: 3673, Time: 00:09:41

Health: 0/49       AC:  9    Str: 26    XL:     6   Next: 92%
Magic:  6/6        EV:  8    Int: 11    God:    Cheibriados [......]
Gold:   220        SH: 10    Dex: 11    Spells: 0 memorised, 5 levels left

rFire  . . .     SeeInvis +     a - +0 war axe
rCold  . . .     Gourm    .     b - +0 scale mail
rNeg   . . .     Faith    .     c - +0 shield
rPois  .         Spirit   .     (helmet unavailable)
rElec  .         Reflect  .     s - +1 cloak
rCorr  .         Harm     .     (no gloves)
MR     .....                    (no boots)
Stlth  ..........               (no amulet)
                                (no ring)
                                (no ring)

@: mighty, lethally poisoned (0 -> -15), very slow
A: permanent stasis, dig shafts and tunnels, four strong arms, antennae 3
a: Dig, Shaft Self, Bend Time, Renounce Religion


You were on level 7 of the Dungeon.
You worshipped Cheibriados.
Cheibriados was noncommittal.
You were hungry.

You visited 2 branches of the dungeon, and saw 7 of its levels.
You also visited: Bailey.

You collected 220 gold pieces.

Inventory:

Hand Weapons
 a - a +0 war axe (weapon)
Missiles
 u - 2 javelins (quivered)
Armour
 b - a +0 scale mail (worn)
 c - a +0 shield (worn)
 s - a +1 cloak (worn)
 y - a +0 chain mail
Scrolls
 g - 4 scrolls of remove curse
 i - a scroll of teleportation
 n - 3 scrolls of identify
 v - 3 scrolls of fog {unknown}
 x - a scroll of amnesia {unknown}
Potions
 e - 2 potions of degeneration
 j - a potion of mutation {unknown}
 k - a potion of flight
 m - 2 potions of experience {unknown}
 q - a potion of invisibility {unknown}
 r - a potion of heal wounds {unknown}
 t - a potion of curing {unknown}
Books
 h - a book of Changes

   Spells                             Type                      Level
   a - Beastly Appendage              Transmutation                1
   b - Sticks to Snakes               Transmutation                2
   c - Spider Form                    Transmutation/Poison         3
   d - Ice Form                       Ice/Transmutation            4
   e - Blade Hands                    Transmutation                5
Comestibles
 f - 5 bread rations
 l - a royal jelly


   Skills:
 + Level 4.5 Fighting
 * Level 4.8 Axes
 - Level 4.0 Armour
 + Level 5.2 Shields


You had 5 spell levels left.
You didn't know any spells.

Dungeon Overview and Level Annotations

Branches:
Dungeon (7/15)             Temple (1/1) D:6

Altars:
Cheibriados
Dithmenos
Elyvilon
Gozag
Hepliaklqana
Kikubaaqudgha
Nemelex Xobeh
Okawaru
Ru
Sif Muna
Trog
Uskayaw
Vehumet
Yredelemnul
Zin
The Shining One

Annotations:
D:6 Grinder


Innate Abilities, Weirdness & Mutations

You are under a permanent stasis effect.
You can dig through walls and to a lower floor.
Your four strong arms can wield two-handed weapons with a shield.
You have a pair of large antennae on your head. (SInv)


Message History

You closely miss the killer bee.
The killer bee is heavily wounded.
You feel sick. The killer bee closely misses you. x2
You block the killer bee's attack.
Your shield and scale mail prevent you from hitting the killer bee.
The killer bee is heavily wounded.
* * * LOW HITPOINT WARNING * * *
You feel sick. You block the killer bee's attack. x2
The killer bee stings you.
* * * LOW HITPOINT WARNING * * *
You are more poisoned.
The killer bee poisons you!
You closely miss the killer bee.
The killer bee is heavily wounded.
* * * LOW HITPOINT WARNING * * *
You feel sick. You block the killer bee's attack. x2
You slice the killer bee!!
You kill the killer bee!
Cheibriados thoroughly appreciates the change of pace.
You die...

*,* *,#...#*,,,*,***,, *,*
*,#...#*,,,*,***,, *,*
*,#<..#*,,.*,*,,,,
*,**************,#...#*,..*,*,*,,
*,,,,,,,,,,,,,,,,#...##...*,*,*,,
##################........*,*,*,,
.......................#..*,*,*,,
##################.....#,,*,*,*,,
#@†y#####,,*,*,*,,
***************###........*,*,*,,
,,,,,,,,,,,,,,,,,{.......$,,,,*,,
****************#########.,,,,,,,
*,*,,,,,, *,******, *** **


You could see a killer bee.

Vanquished Creatures
  A scorpion (D:6)
  2 killer bees (D:7)
  An iguana (D:6)
  Jessica (D:3)
  8 adders
  A worm (D:2)
  3 dart slugs
  A leopard gecko (D:1)
  An orc (D:3)
  5 giant cockroaches
  9 goblins
  8 hobgoblins
  9 jackals
  9 bats
  4 frilled lizards
  7 kobolds
  A leopard gecko skeleton (D:3)
  9 rats
80 creatures vanquished.

Notes
Turn   | Place    | Note
-------+----------+-------------------------------------------
     0 | D:1      | Ladykiller69 the Formicid Fighter began the quest for the Orb.
     0 | D:1      | Reached XP level 1. HP: 18/18 MP: 1/1
   324 | D:1      | Reached XP level 2. HP: 22/24 MP: 2/2
   535 | D:1      | Reached skill level 4 in Shields
   585 | D:1      | Reached XP level 3. HP: 29/29 MP: 3/3
  1105 | D:2      | Reached XP level 4. HP: 30/37 MP: 4/4
  1616 | D:2      | Reached XP level 5. HP: 33/42 MP: 5/5
  2059 | D:3      | Noticed Jessica
  2062 | D:3      | Killed Jessica
  2553 | D:3      | You fall through a shaft for 3 floors!
  2790 | D:6      | Reached XP level 6. HP: 47/48 MP: 6/6
  2823 | D:6      | Reached skill level 5 in Shields
  2965 | D:6      | Found a staircase to the Ecumenical Temple.
  3004 | Temple   | Entered the Ecumenical Temple
  3037 | Temple   | Became a worshipper of Cheibriados the Contemplative
  3074 | D:6      | Noticed a yak
  3075 | D:6      | Noticed a yak
  3087 | D:6      | Noticed a yak
  3088 | D:6      | Noticed Grinder
  3090 | D:5      | Entered Level 5 of the Dungeon
  3101 | D:5      | You fall through a shaft for 2 floors!
  3372 | D:7      | Found a flagged portal.
  3392 | Bailey   | Entered a bailey
  3398 | Bailey   | Noticed an orc warrior
  3400 | Bailey   | Noticed skk's ghost (novice DsFi)
  3672 | D:7      | HP: 2/49 [poisoned by a killer bee]
  3673 | D:7      | Succumbed to a killer bee's poison

Skill      XL: |  1  2  3  4  5  6 |
---------------+-------------------+-----
Shields        | 4 5 |  5.2
Armour         | 4 |  4.0
Axes           | 3 4 |  4.8
Fighting       | 4 |  4.5

Action                   |  1- 3 |  4- 6 || total
-------------------------+-------+-------++-------
Melee: War axe           |    85 |   212 ||   297
 Abil: Dig               |     2 |     6 ||     8
       Shaft Self        |       |     2 ||     2
  Use: Scroll            |       |     7 ||     7
       Potion            |       |     1 ||     1
  Eat: Chunk             |     1 |     8 ||     9
       Beef jerky        |       |     1 ||     1
Armor: Scale mail        |    33 |    86 ||   119
Dodge: Dodged            |    36 |    77 ||   113
Block: Shield            |    33 |   130 ||   163
